Match 25747838
Unlisted

Match 25747838
End
Selects Airborne Battlegroup
Selects Heavy Machine Gun Paradrop
Heavy Machine Gun Paradrop
Engineer Squad
Construct Weapon Support Center
Bazooka Squad
Heavy Machine Gun Paradrop
Mortar Pit
Construct Medical Station
Selects Paratrooper Squad Paradrop
Paratrooper Squad Paradrop
Paratrooper Squad Paradrop
Infantry Support Center
Mortar Pit
M3 Armored Personnel Carrier
Selects Smoke Bombing Run
Selects Supply Drop
Construct Tank Depot
Supply Drop
M4(105) Sherman Bulldozer
Smoke Bombing Run
M18 Hellcat Tank Destroyer
JoyfulWarrior%
hiiragitukasa3888
TidaL
Zar
Lakina
hyun
0
0

Comments sign in to comment!

No comments posted yet!